 Dungeon Crawl Stone Soup version 0.31-a0-986-g5e6e4ef867 (webtiles) character file.

Game seed: 15337259562810308992

273742 wildpjah the Acrobat (level 20, -8/169 HPs)
             Began as a Merfolk Gladiator on Nov 17, 2023.
             Was the Champion of Ashenzari.
             Shot with an arrow by a deep elf master archer (34 damage)
             ... on level 3 of the Elven Halls on Nov 18, 2023.
             The game lasted 03:11:35 (33445 turns).

wildpjah the Acrobat (Merfolk Gladiator)           Turns: 33445, Time: 03:11:36

Health: -8/169     AC: 13    Str: 23    XL:     20   Next: 29%
Magic:  39/39      EV: 34    Int:  8    God:    Ashenzari [******]
Gold:   1470       SH: 28    Dex: 23    Spells: 18/50 levels left

rFire   + + .        I - +12 long sword of the Restrained Disgust {freeze, Str+6, Range, Cun} (curse)
rCold   + . .        U - +7 tower shield "Ordeal of Ashenzari" {Harm rElec rPois Slay+3, Self, Cun} (curse)
rNeg    . . .        T - +0 steam dragon scales "Lashed With Me" {Range, Melee} (curse)
rPois   +            a - +2 hat of the Wild Blue Yonder {Stlth+, Comp, Bglg} (curse)
rElec   +            t - +2 cloak "Urgency of Ashenzari" {Alch, Comp} (curse)
rCorr   .            v - +0 pair of gloves of the Prescient Boredom {Fort, Self} (curse)
SInv    +            g - +0 pair of boots "Per Aspera Ad Scientiam" {Cun, Range} (curse)
Will    +....        n - amulet of the Enlightened Oracle {Regen+, Self, Comp} (curse)
Stlth   +++++++      E - ring "Circumscribed With Me" {rF++ rC+ Dex-4 SInv, Melee, Dev} (curse)
HPRegen 1.28/turn    d - ring of the Gnostic Empyrean {Dex+6, Cun, Comp} (curse)
MPRegen 0.26/turn

%: harm (+30% outgoing, +20% incoming), clarity
@: on berserk cooldown, hasted and slowed
A: (nimble swimmer 2), mertail
}: 2/15 runes: decaying, serpentine
a: Renounce Religion, Shatter the Chains


You were on level 3 of the Elven Halls.
You worshipped Ashenzari.
Ashenzari was exalted by your worship.
You visited 7 branches of the dungeon, and saw 32 of its levels.
You visited the Abyss 1 time.
You also visited: Ossuary, Bailey and Ice Cave.

You collected 3725 gold pieces.
You spent 2255 gold pieces at shops.

Inventory:

Hand Weapons
 e - a +2 scimitar of holy wrath
 I - the cursed +12 long sword of the Restrained Disgust (weapon) {freeze, Str+6, Range, Cun}
   (You took it off an orc warrior in a bailey)

   Str+6:     It affects your strength (+6).
   It has a curse which improves the following skills: Ranged Combat: Ranged
   Weapons and Throwing.
   Cunning:   Dodging and Stealth.
Missiles
 C - 21 boomerangs
 H - 6 throwing nets
Armour
 a - the cursed +2 hat of the Wild Blue Yonder (worn) {Stlth+, Comp, Bglg}
   (You found it in an ice cave)

   It has a curse which improves the following skills: Companions: Summonings
   and Necromancy.
   Beguiling: Conjurations, Hexes and Translocations.
 g - the cursed +0 pair of boots "Per Aspera Ad Scientiam" (worn) {Cun, Range}
   (You found it on level 1 of the Dungeon)

   It has a curse which improves the following skills: Cunning: Dodging and
   Stealth.
   Ranged Combat: Ranged Weapons and Throwing.
 t - the cursed +2 cloak "Urgency of Ashenzari" (worn) {Alch, Comp}
   (You found it on level 12 of the Dungeon)

   It has a curse which improves the following skills: Alchemy: Poison Magic and
   Transmutations.
   Companions: Summonings and Necromancy.
 v - the cursed +0 pair of gloves of the Prescient Boredom (worn) {Fort, Self}
   (You found it on level 5 of the Dungeon)

   It has a curse which improves the following skills: Fortitude: Armour and
   Shields.
   Introspection: Fighting and Spellcasting.
 T - the cursed +0 steam dragon scales "Lashed With Me" (worn) {Range, Melee}
   (You found it on level 8 of the Dungeon)

   It has a curse which improves the following skills: Ranged Combat: Ranged
   Weapons and Throwing.
   Melee Combat: Short Blades, Long Blades, Axes, Maces & Flails, Polearms,
   Staves and Unarmed Combat.
 U - the cursed +7 tower shield "Ordeal of Ashenzari" (worn) {Harm rElec rPois Slay+3, Self, Cun}
   (You took it off Louise on level 2 of the Swamp)

   Slay+3:    It affects your accuracy & damage with ranged weapons and melee
   (+3).
   rElec:     It insulates you from electricity.
   rPois:     It protects you from poison Harm: It increases damage dealt and
   taken.
   It has a curse which improves the following skills: Introspection: Fighting
   and Spellcasting.
   Cunning:   Dodging and Stealth.
Jewellery
 d - the cursed ring of the Gnostic Empyrean (right hand) {Dex+6, Cun, Comp}
   (You found it on level 2 of the Snake Pit)

   [ring of dexterity]

   Dex+6:     It affects your dexterity (+6).
   It has a curse which improves the following skills: Cunning: Dodging and
   Stealth.
   Companions: Summonings and Necromancy.
 n - the cursed amulet of the Enlightened Oracle (around neck) {Regen+, Self, Comp}
   (You found it on level 2 of the Dungeon)

   [amulet of regeneration]

   Regen+:    It increases your rate of health regeneration.
   It has a curse which improves the following skills: Introspection: Fighting
   and Spellcasting.
   Companions: Summonings and Necromancy.
 p - a ring of magical power
 A - a ring of resist corrosion
 E - a cursed ring "Circumscribed With Me" (left hand) {rF++ rC+ Dex-4 SInv, Melee, Dev}
   (You took it off a deep elf pyromancer on level 7 of the Dungeon)

   [ring of see invisible]

   Dex-4:     It affects your dexterity (-4).
   rF++:      It greatly protects you from fire.
   rC+:       It protects you from cold.
   SInv:      It lets you see invisible.
   It has a curse which improves the following skills: Melee Combat: Short
   Blades, Long Blades, Axes, Maces & Flails, Polearms, Staves and Unarmed
   Combat.
   Devices:   Evocations and Shapeshifting.
 G - a +5 ring of evasion
 K - an amulet of the acrobat
 L - a ring of fire
 O - a ring of wizardry
Wands
 x - a wand of mindburst (8)
 y - a wand of iceblast (35)
 B - a wand of acid (33)
 X - a wand of flame (39)
 Y - a wand of digging (13)
Scrolls
 c - a scroll of summoning
 f - 15 scrolls of identify
 i - 5 scrolls of fog
 j - 3 scrolls of blinking
 k - a scroll of poison
 l - 14 scrolls of teleportation
 o - 13 scrolls of enchant weapon
 D - 4 scrolls of amnesia
 F - a scroll of silence
 P - 8 scrolls of fear
 Q - 5 scrolls of vulnerability
 R - 5 scrolls of immolation
 V - 4 scrolls of revelation
Potions
 b - 2 potions of resistance
 h - 4 potions of heal wounds
 m - 5 potions of magic
 q - 3 potions of mutation
 r - 3 potions of berserk rage
 s - 15 potions of curing
 u - 7 potions of lignification
 w - 6 potions of attraction
 z - 3 potions of brilliance
 J - 4 potions of invisibility
 M - 3 potions of haste
 N - a potion of ambrosia
 S - a potion of might
 W - 2 potions of enlightenment
 Z - 3 potions of cancellation


   Skills:
 + Level 12.9(17.6) Fighting
 + Level 17.7(21.1) Long Blades
 + Level 3.0(6.8) Throwing
 + Level 3.1(5.2) Armour
 + Level 22.3(27) Dodging
 + Level 9.4(15.0) Stealth
 * Level 13.2(15.6) Shields
 * Level 10.9(15.6) Spellcasting
 * Level 6.1(8.6) Conjurations
 * Level 12.2(14.6) Hexes
 * Level 12.8(15.2) Transmutations
 * Level 12.7 Ice Magic
 + Level 0.2(0.9) Evocations


You had 18 spell levels left.
You knew the following spells:

 Your Spells              Type           Power      Damage    Failure   Level
a - Ensorcelled Hibernat  Hex/Ice        56%        N/A       1%          2
b - Hailstorm             Conj/Ice       23%        3d7       1%          3
c - Fulminant Prism       Conj/Hex       12%        3d8       1%          4
d - Yara's Violent Unrav  Hex/Tmut       15%        3d8       1%          5
e - Freezing Cloud        Conj/Ice/Air   8%         6-21      30%         5
f - Summon Mana Viper     Hex/Summ       18%        N/A       24%         5
g - Wereblood             Tmut           30%        N/A       1%          2
h - Ozocubu's Armour      Ice            26%        N/A       1%          3
i - Tukima's Dance        Hex            29%        N/A       1%          3

Your spell library contained the following spells:

 Spells                   Type           Power      Damage    Failure   Level
 Magic Dart               Conj           80%        1d7       1%          1
 Sting                    Tmut/Pois      72%        1d6       1%          1
 Passwall                 Tmut/Erth      15%        N/A       1%          2
 Searing Ray              Conj           40%        2d5       1%          2
 Dazzling Flash           Conj/Hex       48%        N/A       1%          3
 Foxfire                  Conj/Fire      52%        2x1d6     3%          1
 Inner Flame              Hex/Fire       17%        N/A       3%          3
 Momentum Strike          Conj/Tloc      26%        3d8       4%          2
 Ignite Poison            Fire/Tmut/Pois 14%        N/A       8%          3
 Stone Arrow              Conj/Erth      26%        3d8       11%         3
 Necrotise                Necr           28%        1d5       14%         1
 Summon Small Mammal      Summ           28%        N/A       14%         1
 Iskenderun's Battlesphe  Conj           20%        2d7       17%         5
 Apportation              Tloc           12%        N/A       19%         1
 Mephitic Cloud           Conj/Pois/Air  11%        N/A       19%         3
 Sandblast                Erth           12%        2d6       22%         1
 Sublimation of Blood     Necr           7%         N/A       22%         2
 Alistair's Intoxication  Tmut/Pois      12%        N/A       24%         5
 Cigotuvi's Dreadful Rot  Necr/Pois/Air  12%        N/A       26%         2
 Blink                    Tloc           12%        N/A       28%         2
 Lesser Beckoning         Tloc           12%        N/A       28%         2
 Poisonous Vapours        Pois/Air       12%        N/A       30%         2
 Brom's Barrelling Bould  Conj/Erth      13%        2d4       34%         4
 Flame Wave               Conj/Fire      13%        2d6       34%         4
 Sticky Flame             Conj/Fire      13%        2d4       34%         4
 Volatile Blastmotes      Fire/Tloc      12%        2d11      52%         3
 Swiftness                Air            6%         N/A       54%         3
 Ozocubu's Refrigeration  Ice            13%        4d10      67%         7
 Fireball                 Conj/Fire      6%         3d5       69%         5
 Dispel Undead            Necr           7%         3d8       82%         4
 Animate Armour           Summ/Erth      12%        N/A       86%         4
 Olgreb's Toxic Radiance  Pois           6%         N/A       88%         4
 Passage of Golubria      Tloc           6%         N/A       88%         4
 Discord                  Hex            14%        N/A       97%         8
 Borgnjor's Vile Clutch   Necr/Erth      3%         N/A       99%         5
 Summon Forest            Summ/Tloc      3%         N/A       99%         5
 Conjure Ball Lightning   Conj/Air       6%         3x3d6     99%         6
 Starburst                Conj/Fire      6%         6d4       99%         6
 Orb of Destruction       Conj           10%        9d6       99%         7
 Death Channel            Necr           3%         N/A       100%        6
 Plasma Beam              Fire/Air       3%         2x1d13    100%        6
 Summon Cactus Giant      Summ           3%         N/A       100%        6
 Summon Hydra             Summ           3%         N/A       100%        7
 Ignition                 Fire           3%         3d4       100%        8
 Lehudib's Crystal Spear  Conj/Erth      6%         10d3      100%        8
 Maxwell's Capacitive Co  Air            3%         ∞         100%        8
 Fire Storm               Conj/Fire      6%         8d2       100%        9


Dungeon Overview and Level Annotations

Branches:
Dungeon (13/15)            Temple (1/1) D:6            Lair (5/5) D:9
  Swamp (4/4) Lair:2        Snake (4/4) Lair:3        Slime (0/5) Lair:5
    Orc (2/2) D:10            Elf (3/3) Orc:2        Vaults (0/5) D:13
Ossuary (visited)          Bailey (visited)           IceCv (visited)

Altars:
Ashenzari
Cheibriados
Dithmenos
Elyvilon
Fedhas
Gozag
Hepliaklqana
Kikubaaqudgha
Makhleb
Nemelex Xobeh
Okawaru
Qazlal
Ru
Sif Muna
Trog
Uskayaw
Vehumet
Wu Jian
Xom
Yredelemnul
Zin
The Shining One
Jiyva

Shops:
D:1 (   D:5 *   D:8 =   D:9 :   D:13 (   Orc:2 =![(   Elf:1 *   Elf:3 [
Snake:1 :=:   Snake:2 [

Portals:
Trove: Elf:1 (give 4 scrolls of blinking)

Annotations:
Lair:1 exclusion: oklob plant
Lair:3 exclusion: 2 oklob plants
Swamp:3 2 transporters, Grorgnorb's ghost, adept DrHW


Innate Abilities, Weirdness & Mutations

((You are very nimble when in or above water. (Stealth+, EV+, Speed+++)))
Your lower body shifts to a powerful aquatic tail in water.


Message History

Your primal bloodlust has ended.
The deep elf master archer shoots an arrow.
You block the arrow.
The deep elf master archer throws a dart of dispersal.
The dart of dispersal hits you.
You blink.
You feel a strong urge to attack something.
The deep elf master archer shoots an arrow.
The arrow hits you!!
* * * LOW HITPOINT WARNING * * *
You are no longer berserk.
You are exhausted.
You feel yourself slow down.
The deep elf master archer throws a dart of dispersal.
You block the dart of dispersal.
The deep elf master archer shoots an arrow.
The arrow hits you!!
* * * LOW HITPOINT WARNING * * *
The deep elf master archer throws a dart of dispersal.
You block the dart of dispersal.
The deep elf master archer throws a dart of dispersal.
You block the dart of dispersal.
The deep elf master archer shoots an arrow.
The arrow misses you.
You slice the deep elf master archer!! You freeze the deep elf master archer.
The deep elf master archer is heavily wounded.
The deep elf master archer shoots an arrow.
You block the arrow.
The deep elf master archer throws a dart of dispersal.
You block the dart of dispersal.
You slash the deep elf master archer! You freeze the deep elf master archer.
The deep elf master archer is severely wounded.
The deep elf master archer shoots an arrow.
The arrow completely misses you.
The deep elf master archer shoots an arrow.
The arrow barely misses you.
You barely miss the deep elf master archer.
The deep elf master archer is severely wounded.
The deep elf master archer shoots an arrow.
The arrow hits you!!
You die...

##..###**###*####
*#..#*∆.##.:##[.##
∆#..#∆∆../().|.!.#
∆#..#∆∆.?...:)..)#
*#..#*∆∆**∆,*#)..#
##..##*#***#####)#
#....###.###.###)#
......##..##..##e#
.......#...#...#@#
.......).........#
......§...^.....##
.####..)........#
#* ##..........# *
##.........#
#...⌠....##
#........# *
*#........#


You could see a deep elf master archer.

Vanquished Creatures
  A bone dragon (Swamp:4)
  A deep elf blademaster (Elf:3)
  A deep elf master archer (Elf:3)
  3 thorn hunters (Swamp:4)
  Donald (Swamp:1)
  Roxanne (Swamp:1)
  2 nagarajas
  A fenstrider witch (Swamp:4)
  The ghost of snackwell the Devastator, an adept DEDe of Vehumet (Swamp:4)
  Kirke (Snake:4)
  5 deep elf sorcerers (Elf:3)
  Louise (Swamp:2)
  An orc warlord (Orc:1)
  3 deep elf elementalists (Elf:3)
  5 eleionomae
  2 deep elf demonologists
  The ghost of Uzeprotekshun the Nimble, a journeyman GrEE of Nemelex Xobeh (Snake:2)
  6 bunyips
  2 deep elf annihilators
  6 deep elf death magi (Elf:3)
  A fire dragon (D:13)
  2 deep elf high priests
  A yaktaur captain (D:13)
  An ice dragon (Lair:5)
  Fannar (D:12)
  8 hydras
  4 salamander tyrants
  Erolcha (D:12)
  2 ogre magi (Orc:2)
  A spriggan air mage (Swamp:4)
  3 boulder beetles
  A ghost crab (Swamp:1)
  16 anacondas
  10 two-headed ogres
  10 alligators
  26 dancing weapons
  A catoblepas (Lair:3)
  4 centaur warriors
  10 naga warriors
  3 death yaks (Lair:5)
  4 orc high priests
  10 shock serpents
  A spriggan berserker (Swamp:3)
  4 tengu warriors
  Nergalle (Lair:3)
  10 naga sharpshooters
  Sonja (Orc:1)
  Amaemon (D:9)
  10 deep elf knights
  A spectral bunyip (Swamp:4)
  9 salamander mystics
  A fire crab (Lair:5)
  4 goliath frogs
  5 spriggan druids
  5 skysharks
  A spectral anaconda (Snake:2)
  2 deep trolls
  9 bog bodies
  7 deep elf archers
  10 naga ritualists
  5 lindwurms
  2 spectral hydras (Swamp:4)
  7 swamp dragons
  24 deep elf pyromancers
  3 phantasmal warriors (Swamp:4)
  4 orc knights
  15 mana vipers
  2 alligator zombies (Swamp:4)
  4 manticores
  24 deep elf zephyrmancers
  4 will-o-the-wisps
  4 ugly things
  2 orc sorcerers (Orc:2)
  21 elephants
  24 salamanders
  8 cyclopes
  A guardian serpent (shapeshifter) (Elf:1)
  6 guardian serpents
  3 ice statues (IceCv)
  10 naga magi
  Joseph (D:9)
  An eye of devastation (shapeshifter) (Elf:2)
  51 black mambas
  A spectral sea snake (Snake:2)
  2 gargoyles (D:11)
  An orange demon (D:9)
  6 torpor snails
  11 cane toads
  7 swamp worm zombies (Swamp:4)
  5 rime drakes
  Maggie (D:7)
  2 yaktaurs
  2 kobold demonologists
  2 unseen horrors
  11 komodo dragons
  A komodo dragon (shapeshifter) (Elf:3)
  A tengu conjurer (D:10)
  2 anaconda simulacra (Snake:2)
  2 hydra zombies (Swamp:4)
  4 polar bears
  15 trolls
  6 tyrant leeches
  A bloated husk (Swamp:4)
  15 hornets
  14 blink frogs
  2 spectral swamp dragons (Swamp:4)
  A tarantella (shapeshifter) (Elf:3)
  6 dream sheep (Lair:5)
  13 slime creatures
  9 spriggans
  An air elemental (Elf:3)
  A guardian serpent skeleton (Snake:2)
  A vampire (D:13)
  3 water elementals
  Sigmund (D:5)
  2 jumping spiders (shapeshifter) (D:11)
  5 wyverns
  2 dire elephant simulacra (IceCv)
  A fire elemental (Elf:1)
  24 yaks
  4 wraiths
  3 shadows
  5 starcursed masses (Abyss:3)
  2 humans (D:10)
  26 vampire mosquitoes
  2 wargs
  6 basilisks
  A steam dragon (D:8)
  2 sea snake simulacra (Snake:2)
  A death yak simulacrum (IceCv)
  29 nagas
  4 acid dragons
  25 swamp worms
  17 water moccasins
  A guardian serpent simulacrum (Snake:2)
  10 ice beasts
  33 orc warriors
  2 black bears
  The ghost of croobank the Vexing, an amateur FeEn (D:4)
  A swamp drake (Swamp:2)
  4 sky beasts
  5 swamp dragon zombies (Swamp:4)
  22 ogres
  A boggart (D:11)
  6 centaurs
  11 wolves
  6 phantoms
  12 bullfrogs
  3 elf zombies (Ossuary)
  2 kobold brigands (D:8)
  An earth elemental (Elf:1)
  2 two-headed ogre simulacra (D:13)
  A gnoll sergeant (D:6)
  A scorpion (D:7)
  8 wights
  2 spectral nagas (Snake:2)
  7 killer bees
  10 electric eels
  2 howler monkeys
  A crimson imp (D:7)
  A centaur zombie (Ossuary)
  5 hounds
  3 gnoll boudas
  11 orc priests
  6 jellies
  2 iguanas
  A sleepcap (D:5)
  2 spectral swamp drakes (Swamp:4)
  11 orc wizards
  3 troll simulacra (D:13)
  3 polar bear simulacra
  3 wolf simulacra (IceCv)
  3 naga skeletons (Snake:2)
  2 mummies (Ossuary)
  5 adders
  25 gnolls
  3 naga simulacra
  A swamp drake zombie (Swamp:4)
  3 white imps
  2 ufetubi (D:6)
  2 adder zombies (Ossuary)
  4 worms
  3 dart slugs
  73 orcs
  7 ball pythons
  8 endoplasms
  2 giant cockroaches
  18 goblins
  13 hobgoblins
  4 jackals (D:1)
  3 quokkas
  6 bats
  2 frilled lizards
  2 goblin zombies (Ossuary)
  9 hobgoblin zombies (Ossuary)
  2 jackal zombies (Ossuary)
  20 kobolds
  9 kobold zombies (Ossuary)
  8 orc zombies (Ossuary)
  4 rats
  A rat zombie (Ossuary)
  A butterfly (Lair:5)
  A fulminant prism (Elf:1)
1236 creatures vanquished.

Vanquished Creatures (others)
  3 deep elf knights
  A swamp dragon (Swamp:2)
  A yaktaur (D:13)
  5 bloated husks
  A spectral guardian serpent (Snake:2)
  A spectral swamp dragon (Swamp:4)
  4 humans (Snake:4)
  A phantom (Swamp:4)
  A spectral naga (Snake:2)
  16 foxfires
  3 fulminant prisms (Snake:4)
37 creatures vanquished.

Grand Total: 1273 creatures vanquished

Notes
Turn   | Place    | Note
-------+----------+-------------------------------------------
     0 | D:1      | wildpjah the Merfolk Gladiator began the quest for the Orb.
     0 | D:1      | Reached XP level 1. HP: 16/16 MP: 1/1
   224 | D:1      | Reached XP level 2. HP: 22/22 MP: 2/2
   247 | D:1      | Found a faded altar of an unknown god.
   317 | D:1      | Found Nablemamal's Weapon Emporium.
   457 | D:1      | Reached XP level 3. HP: 15/28 MP: 3/3
  1504 | D:2      | Reached XP level 4. HP: 34/34 MP: 4/4
  1932 | D:3      | Reached skill level 5 in Long Blades
  1934 | D:3      | Found a broken altar of Ashenzari.
  1958 | D:3      | Became a worshipper of Ashenzari the Shackled
  2048 | D:3      | Found an ornate altar of the Wu Jian Council.
  2175 | D:3      | Found a radiant altar of Vehumet.
  2776 | D:4      | Found a sand-covered staircase.
  2781 | Ossuary  | Entered an ossuary
  2910 | Ossuary  | Reached XP level 5. HP: 27/40 MP: 5/5
  2940 | Ossuary  | Reached skill level 1 in Armour
  3077 | Ossuary  | Reached XP level 6. HP: 36/47 MP: 6/6
  3110 | Ossuary  | Reached skill level 5 in Dodging
  3417 | D:4      | Reached XP level 7. HP: 33/52 MP: 7/7
  3656 | D:4      | Found a runed translucent gate.
  3656 | D:4      | Noticed croobank's ghost (amateur FeEn)
  3656 | D:4      | Identified the +0 scale mail of Objectivity {Int+3}
  3657 | D:4      | Found a runed translucent gate.
  3658 | D:4      | Found a runed translucent gate.
  4090 | D:5      | Entered Level 5 of the Dungeon
  4750 | D:5      | Reached * piety under Ashenzari
  4865 | D:5      | Found Riukkeerph's Assorted Antiques.
  4910 | D:5      | Reached XP level 8. HP: 60/60 MP: 8/8
  4916 | D:5      | Reached skill level 6 in Dodging
  5237 | D:5      | Noticed Sigmund
  5254 | D:5      | Killed Sigmund
  5337 | D:6      | HP: 3/61 [gnoll/+0 whip[a gnoll sergeant] (3)]
  5555 | D:6      | Found a staircase to the Ecumenical Temple.
  5578 | D:6      | Reached skill level 10 in Long Blades
  5584 | D:6      | Reached skill level 5 in Fighting
  5664 | D:6      | Found a white marble altar of Elyvilon.
  5675 | D:6      | Found a shimmering blue altar of Sif Muna.
  5681 | Temple   | Entered the Ecumenical Temple
  5814 | D:6      | Reached skill level 1 in Stealth
  5814 | D:6      | Reached XP level 9. HP: 57/68 MP: 9/9
  5924 | D:6      | Reached ** piety under Ashenzari
  5965 | D:6      | Reached skill level 7 in Dodging
  6238 | D:6      | Reached skill level 8 in Dodging
  6766 | D:7      | Found a flagged portal.
  6817 | Bailey   | Entered a bailey
  6921 | Bailey   | Noticed an orc knight
  7052 | Bailey   | Killed an orc knight
  7074 | Bailey   | Noticed an orc high priest
  7077 | Bailey   | Noticed a smoke demon
  7216 | Bailey   | Reached XP level 10. HP: 79/79 MP: 10/10
  7219 | Bailey   | Identified a scroll of acquirement
  7226 | Bailey   | Acquired a manual of Dodging
  7258 | Bailey   | Reached skill level 9 in Dodging
  7406 | Bailey   | Noticed an orc knight
  7424 | Bailey   | Killed an orc knight
  7599 | Bailey   | Found an iron altar of Okawaru.
  7601 | Bailey   | Noticed a kobold demonologist
  7633 | Bailey   | Identified the +12 long sword "Worm's Wrath" {freeze,
                  | Str+6}
  7680 | Bailey   | Killed a kobold demonologist
  7709 | Bailey   | Killed an orc high priest
  7710 | Bailey   | Reached skill level 10 in Dodging
  7811 | D:7      | Found a basalt altar of Yredelemnul.
  8188 | D:7      | Reached skill level 1 in Hexes
  8220 | D:7      | Noticed Maggie
  8229 | D:7      | Killed Maggie
  8230 | D:7      | Reached XP level 11. HP: 87/87 MP: 10/12
  8325 | D:7      | Reached skill level 1 in Spellcasting
  8341 | D:7      | Reached skill level 11 in Dodging
  8341 | D:7      | Reached skill level 1 in Ice Magic
  8348 | D:7      | Noticed a cyclops
  8349 | D:7      | Identified a ring of Wonder {rF++ rC+ Dex-4 SInv}
  8349 | D:7      | Noticed a deep elf pyromancer
  8356 | D:7      | Killed a deep elf pyromancer
  8371 | D:7      | Killed a cyclops
  8517 | D:8      | Identified the "Qauwnyh"
  8585 | D:8      | Found Sikiogh's Jewellery Shoppe.
  8718 | D:8      | Noticed a two-headed ogre
  8729 | D:8      | Killed a two-headed ogre
  8895 | D:8      | Reached *** piety under Ashenzari
  8927 | D:8      | Found a bloodstained altar of Trog.
  9257 | D:9      | Identified the cursed +0 pair of boots "Per Aspera Ad
                  | Scientiam" {Cun, Range} (You found it on level 1 of the
                  | Dungeon)
  9274 | D:9      | Reached skill level 15 in Long Blades
  9317 | D:9      | Found a staircase to the Lair.
  9340 | D:9      | Identified the +1 war axe "Makaw" {freeze, rElec rF-
                  | Will+++ Stlth-}
  9358 | D:9      | Reached skill level 12 in Dodging
  9435 | D:9      | Found a snail-covered altar of Cheibriados.
  9512 | D:9      | Found Eruo's Book Emporium.
  9525 | D:9      | Bought the Teachings on the Ill-starred Blizzard for 260
                  | gold pieces
  9532 | D:9      | Noticed Joseph
  9544 | D:9      | Killed Joseph
  9579 | D:9      | Found a glowing golden altar of the Shining One.
  9604 | D:9      | Found a hazy altar of Hepliaklqana.
  9647 | D:9      | Reached skill level 13 in Dodging
  9713 | D:9      | Found a sacrificial altar of Ru.
  9741 | D:9      | Reached XP level 12. HP: 69/99 MP: 19/19
  9754 | D:9      | Reached skill level 1 in Shields
  9899 | D:9      | Noticed Amaemon
  9930 | D:9      | Killed Amaemon
  9931 | D:9      | Reached skill level 14 in Dodging
 10001 | D:10     | Entered Level 10 of the Dungeon
 10026 | D:10     | Found an iron altar of Okawaru.
 10069 | D:10     | Reached **** piety under Ashenzari
 10242 | D:10     | Found a staircase to the Orcish Mines.
 10244 | D:10     | Noticed a tengu warrior
 10272 | D:10     | Killed a tengu warrior
 10373 | D:10     | Noticed a two-headed ogre
 10376 | D:10     | Killed a two-headed ogre
 10377 | D:10     | Reached skill level 15 in Dodging
 10392 | D:10     | Found a burning altar of Makhleb.
 10670 | D:14     | Identified the "Fidop"
 10670 | D:14     | Identified the "Joofug"
 10670 | D:14     | Identified the "Feffu"
 10670 | D:14     | Identified the of Jukekiwyaqu
 10670 | D:14     | Identified the "Ifes"
 10670 | Lair:1   | Entered Level 1 of the Lair of Beasts
 10702 | Lair:1   | Noticed a six-headed hydra
 10769 | D:11     | Noticed a boulder beetle
 10769 | D:11     | Identified the granite talisman "Ytwulidd" {Str+6 Stlth+}
 10910 | D:11     | Noticed a two-headed ogre
 10913 | D:11     | a two-headed ogre changed into a jumping spider
 11080 | D:11     | Reached ***** piety under Ashenzari
 11084 | D:11     | Learned a level 2 spell: Ensorcelled Hibernation
 11096 | D:11     | Noticed a seven-headed hydra
 11110 | D:11     | Killed a 16-headed hydra
 11111 | D:11     | Reached skill level 5 in Ice Magic
 11130 | D:11     | Reached skill level 5 in Stealth
 11234 | D:11     | Noticed a centaur warrior
 11247 | D:11     | Killed a centaur warrior
 11248 | D:11     | Reached skill level 16 in Dodging
 11248 | D:11     | Reached skill level 5 in Hexes
 11278 | D:11     | Reached XP level 13. HP: 101/111 MP: 25/25
 11477 | D:11     | Reached skill level 5 in Spellcasting
 11901 | D:12     | Noticed Fannar
 11907 | D:12     | Noticed Erolcha
 11918 | D:12     | Killed Fannar
 11926 | D:12     | Reached skill level 17 in Dodging
 11930 | D:12     | Killed Erolcha
 12143 | D:4      | Killed croobank's ghost
 12485 | D:12     | Learned a level 3 spell: Hailstorm
 12488 | D:12     | Found a hide-covered altar of Uskayaw.
 12747 | D:13     | Noticed a fire dragon
 12800 | D:13     | Found a broken altar of Ashenzari.
 12846 | D:13     | Noticed a yaktaur captain
 12849 | D:13     | Found a gate to the Vaults.
 12860 | D:13     | Killed a yaktaur captain
 12861 | D:13     | Reached skill level 1 in Transmutations
 12967 | D:13     | Found Asuhor's Antique Weapon Shop.
 12974 | D:13     | Found a frozen archway.
 13071 | IceCv    | Entered an ice cave
 13152 | IceCv    | Reached skill level 1 in Conjurations
 13389 | D:13     | Reached skill level 18 in Dodging
 13583 | D:13     | Reached XP level 14. HP: 113/120 MP: 28/28
 13732 | D:13     | Reached skill level 10 in Fighting
 14069 | D:13     | Identified the +6 dagger "Goblinbane" {pain, rF- rN++ Str+2
                  | Dex+3}
 14362 | Lair:1   | Reached skill level 5 in Shields
 15075 | Lair:1   | Found the +1 robe of Vines {NoPotionHeal Regen++++}
 15797 | Lair:2   | Found a staircase to the Swamp.
 15814 | Lair:2   | Reached skill level 19 in Dodging
 16106 | Lair:3   | Noticed Nergalle
 16113 | Lair:3   | Killed Nergalle
 16163 | Lair:3   | Found a hazy altar of Hepliaklqana.
 16184 | Lair:3   | Reached skill level 5 in Transmutations
 16468 | Lair:3   | Found a staircase to the Snake Pit.
 16908 | Lair:4   | Reached XP level 15. HP: 98/127 MP: 30/30
 17087 | Lair:4   | Reached ****** piety under Ashenzari
 17675 | Lair:5   | Entered Level 5 of the Lair of Beasts
 17752 | Lair:5   | Found a viscous altar of Jiyva.
 17752 | Lair:5   | Found a staircase to the Slime Pits.
 18438 | Lair:5   | Found a runed translucent door.
 19076 | Orc:1    | Entered Level 1 of the Orcish Mines
 19146 | Orc:1    | Noticed Sonja
 19176 | Orc:1    | Killed Sonja
 19185 | Orc:1    | Noticed an orc warlord
 19211 | Orc:1    | Killed an orc warlord
 19547 | Orc:2    | Entered Level 2 of the Orcish Mines
 19547 | Orc:2    | Found a staircase to the Elven Halls.
 19769 | Orc:2    | Found Yqya's Distillery.
 19770 | Orc:2    | Found Ynwuguh's Weapon Boutique.
 19874 | Orc:2    | Reached skill level 20 in Dodging
 19921 | Orc:2    | Reached XP level 16. HP: 136/138 MP: 32/32
 20142 | Orc:2    | Reached skill level 5 in Conjurations
 20164 | Orc:2    | Found Gaczuxal's Antique Armour Shop.
 20169 | Orc:2    | Found Uriecahagi's Jewellery Boutique.
 20188 | Orc:2    | Bought a potion of berserk rage for 75 gold pieces
 20188 | Orc:2    | Bought 2 potions of haste for 300 gold pieces
 20193 | Orc:2    | Bought a ring of resist corrosion for 240 gold pieces
 20278 | Orc:2    | Learned a level 4 spell: Fulminant Prism
 20284 | Orc:2    | Learned a level 5 spell: Yara's Violent Unravelling
 20290 | Orc:2    | Learned a level 5 spell: Freezing Cloud
 20296 | Orc:2    | Learned a level 5 spell: Summon Mana Viper
 20426 | D:5      | Bought a viscous purple potion for 18 gold pieces
 20426 | D:5      | Bought a potion of resistance for 200 gold pieces
 20572 | Elf:1    | Identified the "Soschuta"
 20572 | Elf:1    | Entered Level 1 of the Elven Halls
 20666 | Elf:1    | Identified the +2 robe of Trumpets {Dex+4}
 20673 | Elf:1    | Learned a level 2 spell: Wereblood
 20794 | Elf:1    | Found a portal to a secret trove of treasure.
 21207 | Elf:1    | Found Yrruqaa's General Store.
 21212 | Elf:1    | Bought a wand of iceblast (4) for 172 gold pieces
 21212 | Elf:1    | Bought a potion of haste for 180 gold pieces
 21680 | Snake:1  | Entered Level 1 of the Snake Pit
 22231 | Snake:1  | Found Zugelogi's Book Shop.
 22232 | Snake:1  | Found Woh Loce's Jewellery Emporium.
 22234 | Snake:1  | Found Ypailom's Book Shop.
 22247 | Snake:1  | Bought Ozocubu's Autobiography for 360 gold pieces
 22247 | Snake:1  | Bought the Atlas of Changing Topography for 450 gold pieces
 22251 | Snake:1  | Learned a level 3 spell: Ozocubu's Armour
 22817 | Snake:2  | Reached skill level 10 in Ice Magic
 22936 | Snake:1  | Reached XP level 17. HP: 129/144 MP: 34/34
 23020 | Snake:2  | Learned a level 3 spell: Tukima's Dance
 23526 | Snake:2  | Found Syipear's Antique Armour Shoppe.
 23610 | Snake:2  | Found a runed translucent door.
 23612 | Snake:2  | Noticed Uzeprotekshun's ghost (journeyman GrEE)
 23612 | Snake:2  | Identified the +0 helmet of Analysis {-Cast Rampage rElec
                  | rCorr}
 23628 | Snake:2  | Killed Uzeprotekshun's ghost
 23963 | Snake:3  | Reached skill level 10 in Hexes
 24521 | Snake:4  | Entered Level 4 of the Snake Pit
 24568 | Snake:4  | Reached skill level 21 in Dodging
 24878 | Snake:4  | Reached skill level 10 in Transmutations
 25399 | Snake:4  | Reached XP level 18. HP: 150/150 MP: 35/35
 25456 | Snake:4  | Got a serpentine rune of Zot
 25923 | Snake:4  | Reached skill level 10 in Shields
 26077 | Snake:4  | Noticed Kirke
 26085 | Snake:4  | Killed Kirke
 26412 | Snake:4  | Identified the +5 trident of Laceration {elec, rC- Dex+7}
 26838 | Swamp:1  | Entered Level 1 of the Swamp
 27214 | Swamp:1  | Noticed Donald
 27229 | Swamp:1  | Killed Donald
 27405 | Swamp:1  | Noticed Roxanne
 27430 | Swamp:1  | Killed Roxanne
 27697 | Swamp:2  | Reached skill level 10 in Spellcasting
 27763 | Swamp:2  | Identified the +7 tower shield of Trial and Error {Harm
                  | rElec rPois Slay+3}
 27763 | Swamp:2  | Noticed Louise
 27820 | Swamp:2  | Killed Louise
 27939 | Swamp:2  | Identified the +1 glaive "Diolem" {heavy, Will+}
 28423 | Swamp:3  | Noticed Grorgnorb's ghost (adept DrHW)
 28425 | Swamp:3  | Identified the +4 flail of Zoshiy {vamp, *Slow rF+ Dex+4}
 28446 | Swamp:3  | Found a transporter.
 28662 | Swamp:3  | Found a bloodstained altar of Trog.
 28663 | Swamp:3  | Found a transporter.
 29055 | Swamp:4  | Entered Level 4 of the Swamp
 29055 | Swamp:4  | Found a runed translucent door.
 29061 | Swamp:4  | Reached XP level 19. HP: 156/156 MP: 36/36
 29507 | Swamp:4  | Noticed snackwell's ghost (adept DEDe)
 29527 | Swamp:4  | Identified the +7 trident of War {spect, rPois rF+ Int+3
                  | Stlth+}
 30090 | Swamp:4  | Noticed a bone dragon
 30148 | Swamp:4  | Killed a bone dragon
 30284 | Swamp:4  | Got a decaying rune of Zot
 30394 | Swamp:4  | Killed snackwell's ghost
 30395 | Swamp:4  | Reached skill level 22 in Dodging
 30949 | Elf:2    | Found a huge runed translucent gate.
 30949 | Elf:2    | Found a huge runed translucent gate.
 30949 | Elf:2    | Found a huge runed translucent gate.
 30949 | Elf:2    | Found a huge runed translucent gate.
 30950 | Elf:2    | Found a huge runed translucent gate.
 32006 | Elf:3    | Identified the of Custujy
 32006 | Elf:3    | Entered Level 3 of the Elven Halls
 32180 | Elf:3    | Found Cisest's Antique Armour Shop.
 32279 | Elf:3    | Reached XP level 20. HP: 145/168 MP: 39/39
 33301 | Abyss:3  | Cast into level 3 of the Abyss (a deep elf demonologist)
 33372 | Abyss:3  | Found a corrupted altar of Lugonu.
 33394 | Abyss:3  | Noticed a bone dragon
 33403 | Abyss:3  | Paralysed by accursed screaming for 2 turns
 33414 | Elf:3    | Escaped the Abyss
 33445 | Elf:3    | Shot with an arrow by a deep elf master archer

Illustrated notes

Levels and vault maps discovered:
D:1:      dpeg_arrival_leaves_temple_mockup, layout_loops_corners, serial_shops,
          shop, chequers_ecumenical_altar_simple, minmay_misc_feat_iff,
          minmay_split_cup_large
D:2:      layout_loops_corners, skrybe_limestone_x, minmay_misc_feat_pillars,
          minmay_tromino_v2
D:3:      layout_loops_ring, lemuel_doored_altar, old_standard_altar,
          mainiacjoe_overflow_six_doors_small, grunt_ministairs_5,
          serial_bayou_pond_d
D:4:      layout_rooms, enter_ossuary_5, biasface_ghost_orc_armoury
D:5:      layout_loops_corners, serial_shops, shop, uniq_sigmund
D:6:      layout_layer_cave, chequers_temple_overflow_statue_of_worship,
          minmay_temple_entry_grid
D:7:      minmay_the_grid_octo_triangle [minmay_the_grid_octo_toaster,
          minmay_the_grid_octo_prize_big_c, minmay_the_grid_octo_checkered],
          layout_rooms, mainiacjoe_overflow_paths, enter_bailey_5,
          minmay_fire_ice_demons, uniq_maggie
D:8:      layout_basic, kennysheep_mini_moat, serial_shops, shop
D:9:      layout_grid_maze, overflow_temple_1_default,
          mainiacjoe_overflow_cross_hatched,
          mainiacjoe_overflow_surrounded_room, tso_metal_star,
          hellmonk_lair_entry_icy, serial_shops, shop, uniq_joseph, uniq_amaemon
D:10:     layout_roguey, okawaru_humans, marbit_many_paths, david_orc_3,
          eino_tiny_chamber, nrook_campfire
D:11:     layout_irregular_city, minivault_28
D:12:     layout_small_grid, dancing_weapons_uskayaw, uniq_erolcha, uniq_fannar
D:13:     minmay_blocking_statues, layout_basic, david_vaults_2,
          portal_ice_cave_entry_ice_simulacra, serial_shops,
          nicolae_shop_advertising_works [nicolae_subvault_shop_adworks],
          nicolae_ashenzari_panopticon
Temple:   nicolae_temple_ecumenical_triangle
Lair:1:   layout_cave_pods, hellmonk_guarded_unrand_vines
Lair:2:   layout_chaotic_city, nicolae_swamp_entry_splash_gauntlet
Lair:3:   minmay_lair_oklob_tunnel, layout_chaotic_city,
          minmay_snake_entry_six_corridors, lemuel_oklob_altar, uniq_nergalle
Lair:4:   layout_regular_city, st_stairs_10, minmay_hedge_maze
Lair:5:   wormcave, layout_cellular_growth, nicolae_slime_entry_slimehenge,
          minivault_27, hibernation_bobbens, lemuel_fruit_fields
Swamp:1:  layout_falls_marsh, nicolae_swamp_dense_foliage, uniq_roxanne,
          uniq_donald
Swamp:2:  layout_basic_swamp, evilmike_swamp_ruin_house_6, uniq_louise
Swamp:3:  layout_basic_swamp, gammafunk_ghost_wrathful_warriors,
          hangedman_swamp_blocks
Swamp:4:  swamp_pestilence, layout_basic_swamp, ebering_ghost_reflecting_pool,
          nicolae_swamp_no_escape, nicolae_swamp_decorative_isthmus
Snake:1:  layout_onion_interference, grunt_megastairs_5,
          nicolae_triple_integral, minmay_shop_grove
Snake:2:  layout_rooms, ebering_ghost_inner_flame,
          nicolae_snake_the_dead_are_slithering, minmay_shop_star
Snake:3:  layout_misc_corridors
Snake:4:  snake_pit_salamanders_mu, layout_chambers, st_stairs_11,
          grunt_ministairs_15, nicolae_snake_lava_pool, uniq_kirke
Orc:1:    layout_caves, uniq_sonja
Orc:2:    st_orc_open, layout_caves
Elf:1:    minmay_elf_arrival_plus, layout_gridlike, enter_trove_1, serial_shops,
          nicolae_shop_stone, kennysheep_underground_church
Elf:2:    elven_hall_of_blades_hangedman_alternative
          [infiniplex_blade_entry_pillars], layout_geoelf_octagon
Elf:3:    minmay_elf_hall_dome, layout_loops_cross, serial_shops,
          nicolae_shop_rolling_square, minmay_strange_pillars, st_stairs_13

Skill      XL: |  1  2  3  4  5  6  7  8  9 10 11 12 13 14 15 16 17 18 19 20 |
---------------+-------------------------------------------------------------+-----
Long Blades    | 4 5 6 7 8 10 12 14 15 16 17 | 17.7
Armour         | 1 2 3 |  3.1
Fighting       | 3 5 6 7 8 9 10 11 12 | 12.9
Dodging        | 5 6 8 10 13 16 18 19 20 21 22 | 22.3
Stealth        | 1 2 3 4 5 6 7 8 9 |  9.4
Hexes          | 1 3 5 6 7 8 9 10 11 12 | 12.2
Spellcasting   | 3 4 5 7 8 9 10 | 10.9
Ice Magic      | 4 5 6 8 9 10 11 12 | 12.7
Shields        | 3 4 5 6 8 9 11 12 13 | 13.2
Throwing       | 3 |  3.0
Transmutations | 2 5 7 9 10 11 12 | 12.8
Conjurations   | 2 3 4 5 6 |  6.1
Evocations     | |  0.2

Action                     |  1- 3 |  4- 6 |  7- 9 | 10-12 | 13-15 | 16-18 | 19-21 || total
---------------------------+-------+-------+-------+-------+-------+-------+-------++-------
  Melee: Long sword        |   104 |   239 |   354 |   501 |  1176 |  1447 |   602 ||  4423
         Punch             |     2 |       |     2 |     2 |       |       |       ||     6
         Scimitar          |       |       |    22 |       |       |       |       ||    22
         Tailslap          |       |       |    11 |     5 |     5 |    34 |    50 ||   105
  Throw: Javelin           |       |       |     5 |     1 |       |       |       ||     6
         Boomerang         |       |       |       |    15 |     9 |     2 |       ||    26
         Dart              |       |       |       |     5 |       |       |       ||     5
         Throwing net      |       |       |       |     1 |       |       |       ||     1
   Cast: Ensorcelled Hiber |       |       |       |     1 |     1 |       |       ||     2
         Hailstorm         |       |       |       |       |     2 |     2 |     1 ||     5
         Wereblood         |       |       |       |       |       |     6 |    10 ||    16
         Fulminant Prism   |       |       |       |       |       |     4 |       ||     4
         Ozocubu's Armour  |       |       |       |       |       |     3 |     6 ||     9
         Tukima's Dance    |       |       |       |       |       |     1 |     2 ||     3
         Yara's Violent Un |       |       |       |       |       |       |     1 ||     1
 Invoke: Curse Item        |       |       |     4 |     5 |     2 |     2 |     3 ||    16
         Shatter the Chain |       |       |       |     1 |       |     4 |     1 ||     6
  Evoke: Wand              |       |       |       |     3 |       |       |       ||     3
    Use: Potion            |       |     2 |     3 |       |     8 |     2 |     6 ||    21
         Scroll            |       |       |       |     1 |     2 |     1 |     5 ||     9
   Stab: Sleeping          |     1 |     1 |     2 |     7 |    27 |    29 |    21 ||    88
         Distracted        |       |       |       |     4 |     3 |     5 |     4 ||    16
         Held in net/web   |       |       |       |     4 |       |       |       ||     4
         Invisible         |       |       |       |       |    18 |       |       ||    18
 Armour: Leather armour    |    50 |   117 |   186 |    65 |       |       |       ||   418
         Steam dragon scal |       |       |       |   101 |   451 |   355 |   188 ||  1095
  Dodge: Dodged            |    89 |   146 |   223 |   313 |   912 |  1246 |   512 ||  3441
  Block: Kite shield       |       |       |       |   139 |   805 |  1253 |       ||  2197
         Tower shield      |       |       |       |       |       |    63 |   874 ||   937

Table legend: (Time is in decaauts)
 A = Elapsed time spent in this place.
 B = Non-inter-level travel time spent in this place.
 C = Inter-level travel time spent in this place.
 D = Time resting spent in this place.
 E = Time spent auto-exploring this place.
 F = Levels seen in this place.
 G = Mean time per level.
                   A        B        C        D        E       F      G
               +--------+--------+--------+--------+--------+-----+--------+
         Total |  32346 |  29430 |   2916 |   1406 |  19520 |  36 |  898.5 |
       Dungeon |  12664 |  11142 |   1522 |     76 |   8581 |  13 |  974.2 |
        Temple |    101 |    101 |      0 |    100 |      0 |   1 |  101.0 |
          Lair |   5226 |   4640 |    586 |    231 |   3304 |   5 | 1045.2 |
         Swamp |   3076 |   2925 |    151 |    258 |   1658 |   4 |  769.0 |
     Snake Pit |   4883 |   4507 |    376 |    297 |   2810 |   4 | 1220.8 |
  Orcish Mines |   1277 |   1120 |    157 |     29 |    596 |   2 |  638.5 |
   Elven Halls |   3407 |   3284 |    123 |    261 |   1960 |   3 | 1135.7 |
         Abyss |    107 |    107 |      0 |      0 |     69 |   1 |  107.0 |
       Ossuary |    548 |    548 |      0 |      0 |    311 |   1 |  548.0 |
        Bailey |    800 |    800 |      0 |    112 |    229 |   1 |  800.0 |
      Ice Cave |    250 |    250 |      0 |     42 |      0 |   1 |  250.0 |
               +--------+--------+--------+--------+--------+-----+--------+

Top non-repeatable levels by time:
 Snake:4: 2139 daAuts
     D:6: 1380 daAuts
   Elf:3: 1352 daAuts
     D:5: 1262 daAuts
 Swamp:4: 1224 daAuts
  Lair:5: 1218 daAuts
   Elf:2: 1130 daAuts
  Lair:2: 1092 daAuts
  Lair:3: 1082 daAuts
 Snake:1: 1051 daAuts
    D:13: 1038 daAuts
  Lair:1: 1021 daAuts
     D:1: 997 daAuts
 Snake:2: 993 daAuts
    D:11: 978 daAuts
